 Dungeon Crawl Stone Soup version 0.27.0-66-gdc8fb28755 (webtiles) character file.

Game seed: 13341948723685606737

246 Malachi the Caller (level 5, -10/35 HPs)
             Began as a Vampire Summoner on Aug 20, 2021.
             Shot with an arrow by a centaur (13 damage)
             ... on level 4 of the Dungeon.
             The game lasted 00:09:37 (6109 turns).

Malachi the Caller (Vampire Summoner)               Turns: 6109, Time: 00:09:37

Health: -10/35     AC:  5    Str:  7    XL:     5   Next: 84%
Magic:  1/8        EV: 12    Int: 18    God:
Gold:   169        SH:  0    Dex: 15    Spells: 2/8 levels left

rFire    . . .     SeeInvis +   g - +2 quarterstaff (distort)
rCold    . . .     Faith    .   (shield currently unavailable)
rNeg     . . .     Spirit   .   a - +0 robe
rPois    .         Reflect  .   i - +1 helmet
rElec    .         Harm     .   (no cloak)
rCorr    .         Rampage  .   j - +0 pair of gloves
Will     .....                  (no boots)
Stlth    ++........             (no amulet)
HPRegen  0.31/turn              (no ring)
MPRegen  0.11/turn              (no ring)

@: healing quickly
A: alive, fangs 3, see invisible, vampiric 2
a: Exsanguinate


You were on level 4 of the Dungeon.
You visited 1 branch of the dungeon, and saw 4 of its levels.

You collected 169 gold pieces.

Inventory:

Hand Weapons
 e - a +2 dagger of speed
 g - a +2 quarterstaff of distortion (weapon)
Armour
 a - a +0 robe (worn)
 i - a +1 helmet (worn)
 j - a +0 pair of gloves (worn)
Scrolls
 f - a scroll of teleportation
 h - 2 scrolls of blinking
Potions
 b - a potion of curing {unknown}
 c - a potion of lignification {unknown}
 d - 3 potions of haste {unknown}


   Skills:
 - Level 2.1 Dodging
 - Level 3.0 Stealth
 - Level 2.0 Spellcasting
 * Level 7.2 Summonings


You had 2 spell levels left.
You knew the following spells:

 Your Spells              Type           Power      Damage    Failure   Level
a - Summon Small Mammal   Summ           100%       N/A       1%          1
b - Call Imp              Summ           27%        N/A       1%          2
c - Call Canine Familiar  Summ           27%        N/A       2%          3

Your spell library contained the following spells:

 Spells                   Type           Power      Damage    Failure   Level
 Corpse Rot               Necr/Air       N/A        N/A       26%         2
 Poisonous Vapours        Pois/Air       2%         N/A       26%         2
 Summon Guardian Golem    Hex/Summ       14%        N/A       12%         3
 Summon Lightning Spire   Summ/Air       14%        N/A       38%         4
 Portal Projectile        Hex/Tloc       2%         N/A       47%         3
 Leda's Liquefaction      Hex/Erth       0%         N/A       87%         4
 Freezing Cloud           Conj/Ice/Air   0%         6-21      99%         5


Dungeon Overview and Level Annotations

Branches:
Dungeon (4/15)
 Temple: D:4-7

Altars:
Hepliaklqana
Nemelex Xobeh


Innate Abilities, Weirdness & Mutations

Your natural rate of healing is accelerated.
You have razor-sharp teeth.
You have supernaturally acute eyesight. (SInv)
You are afflicted with vampirism and can become a bat while bloodless.


Message History

Attack!
Your crimson imp disappears in a puff of smoke!
The centaur shoots an arrow.
The arrow barely misses you.
Your white imp gestures at the centaur.
The puff of frost hits the centaur!
The centaur shoots an arrow.
The arrow hits your white imp!
Your crimson imp blinks!
The centaur unwields a +0 shortbow.
The centaur hits your white imp.
The centaur barely misses your white imp.
Your white imp barely misses the centaur.
Something hits your white imp.
Something kicks your white imp but does no damage.
Something hits your white imp but does no damage.
Something closely misses your white imp.
Unknown command.
Unknown command.
The centaur shoots an arrow.
The arrow hits your crimson imp.
The centaur shoots an arrow.
The arrow hits your crimson imp!
Your crimson imp dies!
What are your orders? t - Shout!
Orders for allies: a - Attack new target. p - Attack previous target. r - Retreat! s - Stop attacking. g - Guard the area. f - Follow me.
Anything else - Cancel.
Gang up on whom?
Press: ? - help, Dir - move target, f/p - centaur
Aim: a centaur, wielding a +0 shortbow and quivering arrows (heavily wounded, ally target) Attack!
Casting: Call Imp (safe; 1% risk of failure)
Confirm with . or Enter, or press ? or * to list all spells.
A beastly little devil appears in a puff of frigid air.
The centaur shoots an arrow.
The arrow hits your white imp!
The centaur shoots an arrow.
The arrow closely misses your white imp.
The arrow misses your crimson imp. The arrow hits you!
* * * LOW HITPOINT WARNING * * *
Your crimson imp blinks!
The centaur shoots an arrow.
The arrow hits you!
You die...

#......#.........
#...)..#.........
.......#.........
.......'......... ....
.......#......... ....
###+#####......... .....
#................. .....
+................. ......
#@................
...c..#####.................
......c...ยง.................
..........5.....5...........
........c...............#+##
...........########.....#...
...........#......####'##...
...........#...........#....
...........#...........'....


You could see a centaur (ally target), a friendly crimson imp (summoned) and a
friendly white imp (summoned).

Vanquished Creatures
  2 hounds
  An orc wizard (D:3)
  A gnoll (D:4)
  An adder (D:2)
  2 worms
  4 orcs (D:3)
  A ball python (D:3)
  An endoplasm (D:3)
  A giant cockroach (D:3)
  4 goblins
  A hobgoblin (D:1)
  A jackal (D:2)
  2 rats (D:3)
22 creatures vanquished.

Vanquished Creatures (collateral kills)
  Menkaure (D:4)
  A jelly (D:4)
  An orc wizard (D:3)
  3 gnolls (D:4)
  2 adders (D:2)
  A dart slug (D:1)
  2 orcs (D:3)
  4 endoplasms
  3 giant cockroaches
  4 goblins
  8 hobgoblins
  A jackal (D:2)
  4 kobolds (D:1)
  A quokka (D:1)
  6 ball pythons
  5 bats
  A frilled lizard (D:2)
  A rat (D:3)
49 creatures vanquished.

Grand Total: 71 creatures vanquished

Notes
Turn   | Place    | Note
-------+----------+-------------------------------------------
     0 | D:1      | Malachi the Vampire Summoner began the quest for the Orb.
     0 | D:1      | Reached XP level 1. HP: 13/13 MP: 3/3
   621 | D:1      | Reached XP level 2. HP: 19/19 MP: 0/5
   738 | D:1      | Found a faded altar of an unknown god.
  2453 | D:2      | Reached skill level 5 in Summonings
  2555 | D:2      | Gained mutation: You are afflicted with vampirism and can
                  | become a bat while bloodless. [Vampire growth]
  2555 | D:2      | Reached XP level 3. HP: 23/24 MP: 1/6
  3549 | D:3      | Reached XP level 4. HP: 16/30 MP: 7/7
  3962 | D:3      | Reached skill level 6 in Summonings
  4014 | D:3      | Learned a level 2 spell: Call Imp
  4018 | D:3      | Learned a level 3 spell: Call Canine Familiar
  4274 | D:3      | Found a sparkling altar of Nemelex Xobeh.
  4582 | D:3      | Found a hazy altar of Hepliaklqana.
  5420 | D:4      | Noticed Menkaure
  5430 | D:4      | Killed Menkaure
  5431 | D:4      | Reached XP level 5. HP: 20/35 MP: 1/8
  5741 | D:4      | Reached skill level 7 in Summonings
  6092 | D:4      | Noticed a centaur
  6109 | D:4      | Shot with an arrow by a centaur

Illustrated notes

Levels and vault maps discovered:
D:1:      scummos_arrival_gate, layout_basic,
          hellmonk_ecumenical_altar_leap_of_faith
D:2:      layout_loops_cross
D:3:      layout_loops_ring, mainiacjoe_overflow_brackets,
          nzn_hepliaklqana_mist_gate
D:4:      layout_gridville, uniq_menkaure

Skill      XL: |  1  2  3  4  5 |
---------------+----------------+-----
Summonings     | 5 6 7 |  7.2
Dodging        | |  2.1
Stealth        | |  3.0
Spellcasting   | |  2.0

Action                   |  1- 3 |  4- 6 || total
-------------------------+-------+-------++-------
Melee: Dagger            |     8 |       ||     8
       Unarmed           |     1 |       ||     1
       Quarterstaff      |    15 |    22 ||    37
       Bite              |       |     1 ||     1
 Cast: Summon Small Mamm |   126 |    45 ||   171
       Call Imp          |       |    22 ||    22
       Call Canine Famil |       |     5 ||     5
  Use: Scroll            |     2 |       ||     2
 Stab: Sleeping          |     2 |     1 ||     3
       Distracted        |       |     1 ||     1
Armor: Robe              |     6 |     2 ||     8
Dodge: Dodged            |    40 |    14 ||    54
